 Dungeon Crawl Stone Soup version 0.27-a0-1312-g5cdb2b3542 (webtiles) character file.

Game seed: 1026625220472784175

108 Alarak the Chopper (level 4, -1/39 HPs)
             Began as a Hill Orc Monk on June 20, 2021.
             Slain by a black bear (3 damage)
             ... on level 3 of the Dungeon.
             The game lasted 00:09:10 (2905 turns).

Alarak the Chopper (Hill Orc Monk)                  Turns: 2905, Time: 00:09:10

Health: -1/39      AC: 12    Str: 14    XL:     4   Next: 87%
Magic:  4/4        EV:  1    Int: 10    God:
Gold:   103        SH:  9    Dex: 13    Spells: 3/3 levels left

rFire    . . .     SeeInvis .   a - +0 hand axe
rCold    + . .     Faith    .   d - +2 kite shield {rC+}
rNeg     . . .     Spirit   .   f - +0 plate armour
rPois    .         Reflect  .   (no helmet)
rElec    .         Harm     .   (no cloak)
rCorr    .         Rampage  .   i - +1 pair of gloves
Will     .....                  (no boots)
Stlth    ..........             (no amulet)
HPRegen  0.13/turn              (no ring)
MPRegen  0.09/turn              (no ring)

@: no status effects
A: no striking features
a: no special abilities


You were on level 3 of the Dungeon.
You visited 1 branch of the dungeon, and saw 3 of its levels.

You collected 103 gold pieces.

Inventory:

Hand Weapons
 a - a +0 hand axe (weapon)
Armour
 b - a +0 robe
 c - a +0 pair of gloves
 d - a +2 kite shield of cold resistance (worn)
 f - a +0 plate armour (worn)
 i - a +1 pair of gloves (worn)
Scrolls
 e - a scroll of identify {unknown}
Potions
 g - 2 potions of heal wounds {unknown}
 h - 3 potions of curing {unknown}


   Skills:
 - Level 3.6 Fighting
 - Level 7.1 Axes
 + Level 0.6 Armour
 - Level 2.4 Dodging
 - Level 1.5 Stealth


You had 3 spell levels left.
You didn't know any spells.
Your spell library was empty.

Dungeon Overview and Level Annotations

Branches:
Dungeon (3/15)

Altars:
Ashenzari
Okawaru


Message History

You hit the black bear.
The black bear is moderately wounded.
The black bear bites you.
The black bear claws you but does no damage. x2
You hit the black bear.
The black bear is heavily wounded.
The black bear bites you.
The black bear claws you but does no damage. x2
Press: ? - help, v - describe, . - travel
Here: a black bear (heavily wounded)
The floor.
You barely miss the black bear.
The black bear is heavily wounded.
You block the black bear's attack.
The black bear claws you but does no damage. x2
You hit the black bear.
The black bear is heavily wounded.
The black bear bites you.
The black bear claws you but does no damage.
The black bear claws you. You block the black bear's attack. x2
The black bear claws you but does no damage.
You hit the black bear.
The black bear is heavily wounded.
The black bear bites you but does no damage.
The black bear claws you but does no damage.
You block the black bear's attack.
You hit the black bear.
The black bear is severely wounded.
The black bear goes berserk!
You hit the black bear but do no damage.
The black bear is severely wounded.
The black bear bites you.
* * * LOW HITPOINT WARNING * * *
The black bear claws you but does no damage.
The black bear claws you.
* * * LOW HITPOINT WARNING * * *
The black bear bites you.
* * * LOW HITPOINT WARNING * * *
The black bear claws you.
You die...

##...## #.# ...
......####.# .# #.#
...<......)# .#
...)..####.# .# .....##
#.######.####. (.#.##
#.............# ..#.#
#.####....##..# ..#.#
#.............# #.#.#
#..###.@..##.# #.#.#
#..#...#h## # ..#.#
##..#...#...
..#†#####.............
..........#.........###
###...†##...........# #
###..######...##..# #
#..# #...# ..# . ...#
#.##


You could see a black bear (berserk).

Vanquished Creatures
  5 adders
  A worm (D:2)
  3 dart slugs
  6 orcs (D:3)
  4 endoplasms
  2 giant cockroaches (D:3)
  6 goblins
  4 hobgoblins
  8 ball pythons
  3 bats
  A frilled lizard (D:3)
  2 kobolds
  A rat (D:2)
46 creatures vanquished.

Notes
Turn   | Place    | Note
-------+----------+-------------------------------------------
     0 | D:1      | Alarak the Hill Orc Monk began the quest for the Orb.
     0 | D:1      | Reached XP level 1. HP: 19/19 MP: 1/1
   357 | D:1      | Reached XP level 2. HP: 24/26 MP: 2/2
   448 | D:1      | Reached skill level 5 in Axes
   701 | D:2      | Reached XP level 3. HP: 23/31 MP: 3/3
  1408 | D:2      | Found a faded altar of an unknown god.
  1446 | D:2      | Reached skill level 6 in Axes
  1738 | D:2      | Identified a scroll of acquirement
  1738 | D:2      | Acquired a +2 kite shield of cold resistance
  1791 | D:3      | Reached XP level 4. HP: 32/39 MP: 4/4
  2215 | D:3      | Found an iron altar of Okawaru.
  2241 | D:3      | Found a broken altar of Ashenzari.
  2307 | D:3      | Reached skill level 7 in Axes
  2894 | D:3      | Noticed a black bear
  2905 | D:3      | Slain by a black bear

Illustrated notes

Levels and vault maps discovered:
D:1:      lemuel_arrival_lava_pool, layout_rooms, fountainhead
D:2:      layout_rooms, chequers_ecumenical_altar_grove,
          minmay_misc_feat_four_crosses
D:3:      layout_loops_ring, lemuel_doored_altar, ashenzari_altar_1

Skill      XL: |  1  2  3  4 |
---------------+-------------+-----
Axes           | 5 6 7 |  7.1
Fighting       | |  3.6
Armour         | |  0.6
Dodging        | |  2.4
Stealth        | |  1.5

Action                   |  1- 3 |  4- 6 || total
-------------------------+-------+-------++-------
Melee: Hand axe          |    99 |   112 ||   211
  Use: Scroll            |     6 |       ||     6
Armor: Robe              |    17 |       ||    17
       Plate armour      |    30 |    94 ||   124
Dodge: Dodged            |    51 |     3 ||    54
Block: Kite shield       |    10 |    64 ||    74

Table legend: (Time is in decaauts)
 A = Elapsed time spent in this place.
 B = Non-inter-level travel time spent in this place.
 C = Inter-level travel time spent in this place.
 D = Time resting spent in this place.
 E = Time spent auto-exploring this place.
 F = Levels seen in this place.
 G = Mean time per level.
                   A        B        C        D        E       F      G
               +--------+--------+--------+--------+--------+-----+--------+
         Total |   2946 |   2789 |    157 |    974 |   1355 |   3 |  982.0 |
       Dungeon |   2946 |   2789 |    157 |    974 |   1355 |   3 |  982.0 |
               +--------+--------+--------+--------+--------+-----+--------+

Top non-repeatable levels by time:
     D:3: 1184 daAuts
     D:1: 917 daAuts
     D:2: 845 daAuts
